 Dungeon Crawl Stone Soup version 0.21.1-1-g345015f (webtiles) character file.

312 vatarom the Gusty (level 6, -5/32 HPs)
             Began as a Tengu Air Elementalist on May 6, 2018.
             Slain by Menkaure (23 damage)
             ... on level 4 of the Dungeon.
             The game lasted 00:12:46 (4290 turns).

vatarom the Gusty (Tengu Air Elementalist)          Turns: 4290, Time: 00:12:47

Health: -5/32      AC:  2    Str:  8    XL:     6   Next: 42%
Magic:  1/11       EV: 13    Int: 18    God:
Gold:   226        SH:  0    Dex: 16    Spells: 0/10 levels left

rFire    . . .     SeeInvis .   n - +9 dagger of Pandemonium {pierce, MR+ Dex+2}
rCold    . . .     Gourm    .   (no shield)
rNeg     . . .     Faith    .   a - +0 robe
rPois    .         Spirit   .   (helmet restricted)
rElec    .         Reflect  .   (no cloak)
rCorr    .         Harm     .   (no gloves)
MR       +....                  (boots unavailable)
Stlth    ++........             (no amulet)
HPRegen  0.10/turn              (no ring)
MPRegen  0.12/turn              (no ring)

@: no status effects
A: beak, talons 3, able to fly 1
a: Fly


You were on level 4 of the Dungeon.
You were not hungry.

You visited 1 branch of the dungeon, and saw 5 of its levels.

You collected 226 gold pieces.

Inventory:

Hand Weapons
 n - the +9 dagger of Pandemonium (weapon) {pierce, MR+ Dex+2}
   (You found it on level 4 of the Dungeon)

   It inflicts extra damage upon your enemies.
   It affects your dexterity (+2).
   It affects your resistance to hostile enchantments.
 t - a +0 quarterstaff
Armour
 a - a +0 robe (worn)
Jewellery
 s - a +3 ring of evasion {unknown}
 u - an uncursed ring of fire {unknown}
Scrolls
 d - 3 scrolls of identify {unknown}
 g - 2 scrolls of amnesia {unknown}
 h - 3 scrolls of teleportation
 j - a scroll of fear {unknown}
 l - a scroll of immolation {unknown}
 m - a scroll of enchant armour {unknown}
 q - a scroll of fog
 r - a scroll of magic mapping {unknown}
 v - a scroll of remove curse {unknown}
Potions
 e - a potion of agility {unknown}
 f - 3 potions of curing
 i - a potion of haste
 k - a potion of experience {unknown}
 o - a potion of might {unknown}
 p - a potion of brilliance {unknown}
 w - 2 potions of degeneration {unknown}
 x - a potion of ambrosia {unknown}
Books
 b - a book of Air

   Spells                             Type                      Level
   a - Shock                          Conjuration/Air              1
   b - Swiftness                      Charms/Air                   2
   c - Static Discharge               Conjuration/Air              3
   d - Airstrike                      Air                          4
   e - Lightning Bolt                 Conjuration/Air              5
Comestibles
 c - 4 rations


   Skills:
 - Level 2.1 Dodging
 - Level 2.0 Stealth
 * Level 2.6 Spellcasting
 + Level 5.5 Conjurations
 + Level 6.8 Air Magic


You couldn't memorise any spells.
You knew the following spells:

 Your Spells              Type           Power        Failure   Level  Hunger
a - Shock                 Conj/Air       ###.         1%          1    #......
b - Swiftness             Chrm/Air       ##......     6%          2    ##.....
c - Static Discharge      Conj/Air       ###.....     3%          3    ###....
d - Airstrike             Air            ####......   10%         4    #####..


Dungeon Overview and Level Annotations

Branches:
Dungeon (5/15)
 Temple: D:4-7

Altars:

Annotations:
D:4 Menkaure


Innate Abilities, Weirdness & Mutations

You have a beak for a mouth.
You have claws for feet.
You can fly.


Message History

The zap hits Menkaure.
Menkaure is almost destroyed.
Menkaure calls on the powers of darkness!
Your body is wracked with pain!
Casting: Shock
Confirm with . or Enter, or press ? or * to list all spells.
Aiming: Shock
Press: ? - help, Shift-Dir - straight line, f/p - Menkaure
Aim: Menkaure (almost destroyed, fast)
The zap hits Menkaure.
Menkaure is almost destroyed.
Okay, then.
It was a potion of curing.
You feel better.
You feel better.
Menkaure calls on the powers of darkness!
Your body is wracked with pain!
Menkaure hits you.
You feel better. Menkaure hits you!!
Ouch! That really hurt!
You die...

.#.######.#..#
.#...........#
.#.######.#.#####
##.#####..[.....#
...........####.#
###.#####..##.#.#
.......÷....#...#
###.####..÷.#.########
....#..........M@....#
..###.###..<#.######.#
............#.# #.#
..####.##.#M#.######.#
..........#.......##.#
###.#..######.###.##.#
....##.#......# #.##.#
.##.##.#.###### #.##.#
.......#.# #.##.#


You could see Menkaure.

Vanquished Creatures
  The ghost of rogue4fun the Grasshopper, a weakling SpWr (D:3)
  An orc wizard (D:2)
  A centaur skeleton (D:4)
  A worker ant (D:4)
  4 gnolls (D:2)
  8 adders
  An adder zombie (D:3)
  A worm (D:3)
  2 dart slugs
  6 leopard geckos
  6 orcs
  A ball python (D:3)
  5 bats
  A giant cockroach (D:4)
  10 goblins
  5 hobgoblins
  5 jackals
  6 kobolds
  A frilled lizard (D:3)
  7 rats
73 creatures vanquished.

Notes
Turn   | Place    | Note
-------+----------+-------------------------------------------
     0 | D:1      | vatarom the Tengu Air Elementalist began the quest for the Orb.
     0 | D:1      | Reached XP level 1. HP: 10/10 MP: 4/4
   101 | D:1      | Reached XP level 2. HP: 7/15 MP: 0/6
   693 | D:1      | Reached XP level 3. HP: 19/19 MP: 4/7
   700 | D:1      | Learned a level 2 spell: Swiftness
   704 | D:1      | Learned a level 3 spell: Static Discharge
  1233 | D:2      | Reached skill level 5 in Air Magic
  1270 | D:2      | Reached XP level 4. HP: 21/24 MP: 1/8
  1905 | D:2      | Gained mutation: You can fly. [Tengu growth]
  1905 | D:2      | Reached XP level 5. HP: 25/28 MP: 1/9
  1905 | D:2      | Reached skill level 6 in Air Magic
  2649 | D:3      | Noticed rogue4fun's ghost (weakling SpWr)
  2661 | D:3      | Killed rogue4fun's ghost
  2661 | D:3      | Reached skill level 5 in Conjurations
  2981 | D:3      | Reached XP level 6. HP: 32/32 MP: 10/10
  3775 | D:4      | Noticed a yak
  3913 | D:4      | Got an encrusted dagger
  3914 | D:4      | Identified the +9 dagger of Pandemonium {pierce, MR+ Dex+2} (You found it on level 4 of the Dungeon)
  4000 | D:4      | Noticed Menkaure
  4171 | D:5      | Entered Level 5 of the Dungeon
  4269 | D:4      | Learned a level 4 spell: Airstrike
  4290 | D:4      | Slain by Menkaure

Skill      XL: |  1  2  3  4  5 |
---------------+----------------+-----
Conjurations   | 2 3 4 5 |  5.5
Air Magic      | 5 6 |  6.8
Dodging        | |  2.1
Stealth        | |  2.0
Spellcasting   | |  2.6

Action                   |  1- 3 |  4- 6 || total
-------------------------+-------+-------++-------
Melee: Unarmed           |    34 |       ||    34
       Peck              |     3 |     5 ||     8
       Kick              |     5 |     6 ||    11
       Quarterstaff      |       |    29 ||    29
       Dagger            |       |     4 ||     4
Throw: Throwing net      |       |     1 ||     1
 Cast: Shock             |    55 |    78 ||   133
       Airstrike         |       |     2 ||     2
 Abil: Fly               |       |     1 ||     1
  Use: Potion            |     3 |     7 ||    10
       Scroll            |     3 |       ||     3
  Eat: Chunk             |     2 |     6 ||     8
       Ration            |       |     2 ||     2
Armor: Robe              |    17 |     8 ||    25
Dodge: Dodged            |    36 |    36 ||    72
